[Event "January 9 Early 2024"]
[Site "https://www.chess.com"]
[Date "2024.01.11"]
[Round "9"]
[White "Zou, Chen"]
[Black "Van Foreest, Jorden"]
[Result "0-1"]
[Board "52"]
[TimeControl "180+1"]
[WhiteFideId "8610959"]
[BlackFideId "1039784"]
[WhiteElo "2807"]
[BlackElo "3009"]
[WhiteTeam "CHN"]
[BlackTeam "NED"]
[WhiteClock "0:00:22"]
[BlackClock "0:01:29"]

1. Nf3 Nf6 2. e3 d5 3. d4 Bg4 4. Be2 e6 5. c4 Nbd7 6. Nc3 c6 7. b3 Bd6 8. Bb2 h5 9. h3 Bxf3 10. Bxf3 Qe7 11. Be2 Ba3 12. Qc1 Bxb2 13. Qxb2 O-O-O 14. b4 dxc4 15. Bxc4 e5 16. O-O Nb6 17. dxe5 Qxe5 18. Qb3 Ng4 19. hxg4 hxg4 20. Rfd1 Qh2+ 21. Kf1 Qh1+ 22. Ke2 Qxg2 23. Bd3 Rh2 24. Rf1 Qf3+ 25. Kd2 Rxf2+ 26. Rxf2 Qxf2+ 27. Ne2 Nd5 28. Re1 g3 29. Qc4 Qxe3+ 30. Kc2 g2 31. Qg4+ Kb8 32. a3 Nxb4+ 33. Qxb4 Qxd3+ 34. Kb2 Qd2+ 35. Kb3 Rd3+ 36. Ka4 Qc2+ 37. Ka5 b6+ 38. Ka6 Qc4+ 0-1

[Event "January 9 Early 2024"]
[Site "https://www.chess.com"]
[Date "2024.01.11"]
[Round "9"]
[White "Yurovskykh, Oleksandr"]
[Black "Matthes, Aaron"]
[Result "1-0"]
[Board "53"]
[TimeControl "180+1"]
[WhiteFideId "14134020"]
[BlackFideId "16227310"]
[WhiteElo "2617"]
[BlackElo "2410"]
[WhiteTeam "UKR"]
[BlackTeam "GER"]
[WhiteClock "0:01:13"]
[BlackClock "0:00:02"]

1. d4 Nf6 2. Nf3 b6 3. Bg5 Ne4 4. Bh4 Bb7 5. e3 h6 6. Nbd2 g5 7. Bg3 Bg7 8. Bd3 Nxd2 9. Qxd2 Bxf3 10. gxf3 d5 11. h4 Qd7 12. hxg5 hxg5 13. Rxh8+ Bxh8 14. O-O-O Bf6 15. Rh1 Nc6 16. Ba6 Kf8 17. a3 Kg7 18. Qc3 Qe6 19. Bb7 Rh8 20. Rxh8 Nxd4 21. exd4 Kxh8 22. Qe3 Qd7 23. Be5 c6 24. Bxf6+ exf6 25. Ba6 b5 26. a4 bxa4 27. Bd3 Qh3 28. Kb1 Kg7 29. Ka2 Qd7 30. c3 1-0

[Event "January 9 Early 2024"]
[Site "https://www.chess.com"]
[Date "2024.01.11"]
[Round "9"]
[White "Rosen, Eric"]
[Black "Poormosavi, Seyed Kian"]
[Result "0-1"]
[Board "54"]
[TimeControl "180+1"]
[WhiteFideId "2032562"]
[BlackFideId "12585807"]
[WhiteElo "2662"]
[BlackElo "2745"]
[WhiteTeam "USA"]
[BlackTeam "IRI"]
[WhiteClock "0:00:01"]
[BlackClock "0:01:21"]

1. d4 Nf6 2. Bf4 b6 3. Nf3 Bb7 4. c4 g6 5. Nc3 Bg7 6. Qc2 d5 7. cxd5 Nxd5 8. Nxd5 Qxd5 9. Qxc7 O-O 10. e3 Rc8 11. Qxe7 Bf8 12. Qe5 Bb4+ 13. Nd2 Rc2 14. Rd1 Rxb2 15. Qxd5 Bxd5 16. a3 Ba5 17. f3 Nc6 18. e4 Bb3 19. Be3 Bxd1 20. Kxd1 Nxd4 21. Bxd4 Rxd2+ 22. Ke1 Rxd4+ 23. Kf2 Rc8 24. Be2 Rc2 25. Ke3 Rdd2 26. Bd3 Ra2 27. Rc1 Rxa3 28. Rc8+ Kg7 29. Kf4 Raxd3 30. g4 Rxh2 31. e5 Bd2+ 32. Kg3 Re2 33. Kh4 Rxf3 0-1

[Event "January 9 Early 2024"]
[Site "https://www.chess.com"]
[Date "2024.01.11"]
[Round "9"]
[White "Llari, Marc"]
[Black "Vakhidov, Shahzod"]
[Result "0-1"]
[Board "55"]
[TimeControl "180+1"]
[WhiteFideId "651044269"]
[BlackFideId "14205270"]
[WhiteElo "2327"]
[BlackElo "2508"]
[WhiteTeam "FRA"]
[BlackTeam "UZB"]
[WhiteClock "0:00:52"]
[BlackClock "0:00:30"]

1. d4 Nf6 2. Nf3 g6 3. g3 Bg7 4. Bg2 O-O 5. O-O d5 6. c4 c5 7. dxc5 Na6 8. c6 bxc6 9. Nc3 Bb7 10. Qc2 d4 11. Rd1 c5 12. a3 Qc8 13. Na4 Nh5 14. Bd2 e5 15. Ne1 Bxg2 16. Kxg2 Qc6+ 17. f3 Rab8 18. Nd3 e4 19. Ne1 Rfe8 20. Bc1 Re7 21. b3 exf3+ 22. exf3 Rbe8 23. Bd2 Re2+ 24. Kg1 d3 25. Qxd3 Bd4+ 26. Kh1 Nxg3+ 27. hxg3 Qd7 28. g4 Qc7 29. f4 Qc6+ 30. Nf3 R8e3 31. Qxe3 Bxe3 32. Bxe3 Qxf3+ 33. Kg1 Qg2# 0-1

[Event "January 9 Early 2024"]
[Site "https://www.chess.com"]
[Date "2024.01.11"]
[Round "9"]
[White "Przybylski, Wojciech"]
[Black "Skliarov, Viktor"]
[Result "1-0"]
[Board "56"]
[TimeControl "180+1"]
[WhiteFideId "1117599"]
[BlackFideId "14106736"]
[WhiteElo "2563"]
[BlackElo "2664"]
[WhiteTeam "POL"]
[BlackTeam "UKR"]
[WhiteClock "0:01:02"]
[BlackClock "0:00:06"]

1. e4 c5 2. Nf3 Nc6 3. Bb5 e6 4. O-O Nge7 5. c3 a6 6. Bd3 d5 7. e5 d4 8. Re1 Ng6 9. cxd4 Nxd4 10. Be4 Be7 11. d3 Nxf3+ 12. Bxf3 O-O 13. Nc3 Qc7 14. Qe2 Bd7 15. g3 Rad8 16. h4 Rfe8 17. h5 Nf8 18. h6 g6 19. Bf4 Bc6 20. Ne4 Nd7 21. Nd6 Rf8 22. Rac1 b6 23. b4 Bxf3 24. Qxf3 f5 25. d4 g5 26. Qb3 gxf4 27. Qxe6+ Kh8 28. Qxe7 1-0

[Event "January 9 Early 2024"]
[Site "https://www.chess.com"]
[Date "2024.01.11"]
[Round "9"]
[White "Sanhueza, Cristian"]
[Black "Pourkashiyan, Atousa"]
[Result "0-1"]
[Board "57"]
[TimeControl "180+1"]
[WhiteFideId "116815"]
[BlackFideId "12502014"]
[WhiteElo "2616"]
[BlackElo "2512"]
[WhiteTeam "ARG"]
[BlackTeam "USA"]
[WhiteClock "0:00:01"]
[BlackClock "0:01:28"]

1. e4 e5 2. Nf3 Nc6 3. Bc4 Bc5 4. c3 Nf6 5. d4 exd4 6. cxd4 Bb4+ 7. Nc3 Nxe4 8. O-O Bxc3 9. d5 Ne7 10. bxc3 O-O 11. Qd4 Nd6 12. Bd3 Nef5 13. Qg4 g6 14. Ba3 Qf6 15. Bxf5 Qxf5 16. Qxf5 gxf5 17. Rfe1 b6 18. Nd4 Bb7 19. Bxd6 cxd6 20. Nxf5 Rfe8 21. Rxe8+ Rxe8 22. Nxd6 Rb8 23. c4 b5 24. Nxb7 Rxb7 25. Rb1 b4 26. Kf1 a5 27. Ke2 d6 28. Kd3 Kg7 29. a3 Kf6 30. axb4 axb4 31. c5 dxc5 32. Kc4 Ke5 33. Re1+ Kd6 34. Rb1 Re7 35. f3 Re2 36. Ra1 Rc2+ 37. Kd3 Rxg2 38. Ra7 Kxd5 39. Rxf7 c4+ 40. Ke3 Rxh2 41. Rf5+ Kc6 42. Rh5 Rxh5 0-1

[Event "January 9 Early 2024"]
[Site "https://www.chess.com"]
[Date "2024.01.11"]
[Round "9"]
[White "Martin Fuentes, Alberto"]
[Black "Mohammadi, Melika"]
[Result "1-0"]
[Board "58"]
[TimeControl "180+1"]
[WhiteFideId "2292289"]
[BlackFideId "42529271"]
[WhiteElo "2619"]
[BlackElo "2453"]
[WhiteTeam "ESP"]
[BlackTeam "IRI"]
[WhiteClock "0:01:25"]
[BlackClock "0:00:19"]

1. e4 e5 2. Nf3 Nc6 3. d4 exd4 4. Bc4 Nf6 5. O-O Nxe4 6. Re1 d5 7. Bxd5 Qxd5 8. Nc3 Qd7 9. Rxe4+ Be7 10. Nxd4 f5 11. Rf4 O-O 12. Nxc6 Qxc6 13. Qd5+ Qxd5 14. Nxd5 Bd6 15. Rd4 Be6 16. Bf4 Rad8 17. Rad1 Bc5 18. Nf6+ Rxf6 19. Rxd8+ Kf7 20. Bxc7 Rg6 21. a3 Be7 22. R8d3 Rg4 23. Rd4 Rg6 24. b4 Bf6 25. R4d3 Rg4 26. Bb8 a6 27. Ba7 Rc4 28. c3 Rxc3 29. Rxc3 Bxc3 30. Bd4 Bxd4 31. Rxd4 Kf6 32. f4 h6 33. Kf2 g5 34. g3 Ke7 35. Ke3 Bd7 36. Rd2 Bc6 37. Kd4 Kd6 38. Re2 gxf4 39. gxf4 Bd7 40. Re3 Kc6 41. Rh3 Kb5 42. Rxh6 Ka4 43. Rh3 Be6 44. Re3 Bb3 45. h4 Kxa3 46. h5 Ka4 47. Rxb3 Kxb3 48. h6 a5 49. bxa5 1-0

[Event "January 9 Early 2024"]
[Site "https://www.chess.com"]
[Date "2024.01.11"]
[Round "9"]
[White "Kotlyar, Kirill"]
[Black "Md, Sariatullah"]
[Result "0-1"]
[Board "59"]
[TimeControl "180+1"]
[WhiteFideId "24145599"]
[BlackFideId "10207333"]
[WhiteElo "2575"]
[BlackElo "2273"]
[WhiteTeam "RUS"]
[BlackTeam "BAN"]
[WhiteClock "0:00:13"]
[BlackClock "0:00:48"]

1. e4 Nc6 2. Nf3 f5 3. exf5 d5 4. d4 Bxf5 5. Bd3 Bg4 6. c3 Nf6 7. Nbd2 e5 8. dxe5 Nxe5 9. Be2 Nxf3+ 10. Nxf3 Bd6 11. O-O O-O 12. Bg5 c6 13. Nd4 Bd7 14. Re1 Qc7 15. h3 Ne4 16. Nf3 Rxf3 17. Bxf3 Nxg5 18. Bxd5+ cxd5 19. Qxd5+ Nf7 20. Rad1 Bc6 21. Qb3 Bc5 22. Qe6 Qf4 23. Rf1 Re8 24. Qb3 Qg5 25. Rd7 Qxg2# 0-1

[Event "January 9 Early 2024"]
[Site "https://www.chess.com"]
[Date "2024.01.11"]
[Round "9"]
[White "Castellano, Christopher"]
[Black "Kruckenhauser, Arthur"]
[Result "1-0"]
[Board "60"]
[TimeControl "180+1"]
[WhiteFideId "5203651"]
[BlackFideId "1642812"]
[WhiteElo "2427"]
[BlackElo "2531"]
[WhiteTeam "PHI"]
[BlackTeam "AUT"]
[WhiteClock "0:01:07"]
[BlackClock "0:00:02"]

1. d4 Nf6 2. Bf4 c5 3. c3 cxd4 4. cxd4 Qb6 5. Nf3 Qxb2 6. Nbd2 Qb6 7. e4 g6 8. Bc4 Bg7 9. e5 Nh5 10. Be3 O-O 11. O-O Qd8 12. d5 d6 13. e6 fxe6 14. dxe6 Nc6 15. Ne4 Ne5 16. Nxe5 Bxe5 17. Rc1 b6 18. Bd5 Rb8 19. Qd2 Ba6 20. f4 Bxf1 21. fxe5 dxe5 22. Rxf1 Rxf1+ 23. Kxf1 Rc8 24. g4 Nf4 25. Bxf4 exf4 26. Nf6+ Kg7 27. Nd7 Qh8 28. Qxf4 Qg8 29. g5 Kh8 30. Kg2 Qg7 31. Nf6 Re8 32. Nxe8 Qb2+ 33. Qf2 1-0

[Event "January 9 Early 2024"]
[Site "https://www.chess.com"]
[Date "2024.01.11"]
[Round "9"]
[White "Zhuk, Valeriy"]
[Black "Pinero Rodriguez, Carlos Jose"]
[Result "0-1"]
[Board "61"]
[TimeControl "180+1"]
[WhiteFideId "24151254"]
[BlackFideId "3901726"]
[WhiteElo "2418"]
[BlackElo "2566"]
[WhiteTeam "RUS"]
[BlackTeam "VEN"]
[WhiteClock "0:00:06"]
[BlackClock "0:01:20"]

1. e4 c5 2. Nf3 e6 3. d4 cxd4 4. Nxd4 a6 5. c4 Qc7 6. Nc3 Nf6 7. a3 b6 8. Be3 Bb7 9. f3 d6 10. Be2 Nbd7 11. O-O Be7 12. b4 O-O 13. Rc1 Rac8 14. Qe1 Qb8 15. Qf2 Bd8 16. Rfd1 Bc7 17. g3 Rfd8 18. Bf1 h6 19. Bg2 Ne5 20. Na4 d5 21. cxd5 exd5 22. Nf5 Re8 23. Nxb6 Bxb6 24. Bxb6 Rxc1 25. Rxc1 dxe4 26. Bc7 Qa8 27. Bxe5 Rxe5 28. Nd6 e3 29. Qe2 Re7 30. Nf5 Re8 31. f4 Bxg2 32. Qxg2 Qa7 33. Qe2 g6 34. Nd6 Re6 35. Nc4 h5 36. Re1 Ng4 37. h3 Nf2 38. Kg2 Qd4 39. Nxe3 Nd3 40. Kf3 Qe4# 0-1

[Event "January 9 Early 2024"]
[Site "https://www.chess.com"]
[Date "2024.01.11"]
[Round "9"]
[White "Kochiev, Ivan"]
[Black "Halkias, Stelios"]
[Result "0-1"]
[Board "62"]
[TimeControl "180+1"]
[WhiteFideId "2917890"]
[BlackFideId "4201809"]
[WhiteElo "2584"]
[BlackElo "2728"]
[WhiteTeam "BUL"]
[BlackTeam "GRE"]
[WhiteClock "0:00:40"]
[BlackClock "0:01:01"]

1. e4 c5 2. Nf3 d6 3. d4 cxd4 4. Nxd4 Nf6 5. f3 a6 6. c4 e6 7. Nc3 Be7 8. Be3 O-O 9. Nc2 b6 10. Be2 Bb7 11. O-O Nbd7 12. Qd2 Qc7 13. Rac1 Rac8 14. Rfd1 Rfe8 15. b4 Qb8 16. Nd4 Ne5 17. Na4 Nfd7 18. Nb3 Ba8 19. h3 h6 20. Bf1 Bc6 21. Nc3 Ba8 22. Na4 Rc7 23. Qf2 b5 24. cxb5 Rxc1 25. Rxc1 axb5 26. Nc3 Nc4 27. Nxb5 Nxe3 28. Qxe3 d5 29. exd5 Bg5 30. Qc3 Bxc1 31. Qxc1 Bxd5 32. N3d4 Bxa2 33. Kh1 Bd5 34. Nc6 Bxc6 35. Qxc6 Ne5 36. Qe4 Rd8 37. Be2 Ng6 38. Nc3 Qg3 39. Bf1 Qf2 40. Qe2 Qd4 41. Qb2 Nf4 42. b5 Nd5 43. Na4 Qxb2 44. Nxb2 Nb6 45. Kh2 Kf8 46. Nc4 Nxc4 47. Bxc4 Ke7 48. h4 Rd4 0-1

[Event "January 9 Early 2024"]
[Site "https://www.chess.com"]
[Date "2024.01.11"]
[Round "9"]
[White "Liu, Casper"]
[Black "Martinez Ramirez, Lennis"]
[Result "0-1"]
[Board "63"]
[TimeControl "180+1"]
[WhiteFideId "1454153"]
[BlackFideId "3509079"]
[WhiteElo "2505"]
[BlackElo "2714"]
[WhiteTeam "DEN"]
[BlackTeam "CUB"]
[WhiteClock "0:00:01"]
[BlackClock "0:01:00"]

1. Nf3 d5 2. b3 Nf6 3. Bb2 g6 4. e3 Bg7 5. Be2 O-O 6. O-O c5 7. c4 d4 8. exd4 Nh5 9. g3 Nc6 10. Re1 Bg4 11. Qc1 cxd4 12. Nxd4 Bxe2 13. Nxe2 e5 14. Nbc3 Nb4 15. Rf1 Nd3 16. Qc2 Rc8 17. Rad1 f5 18. Nb5 a6 19. Nbc3 b5 20. cxb5 axb5 21. Qb1 e4 22. Ba1 Qd7 23. Nc1 Ne5 24. Kg2 Nf3 25. d4 Rce8 26. d5 f4 27. Nxe4 Qg4 28. h3 Nh4+ 29. Kh2 Qf3 30. gxh4 Rxe4 31. Bxg7 Nxg7 32. Rd3 Qh5 33. d6 Qxh4 0-1

[Event "January 9 Early 2024"]
[Site "https://www.chess.com"]
[Date "2024.01.11"]
[Round "9"]
[White "Bluebaum, Matthias"]
[Black "Wojtaszek, Radoslaw"]
[Result "1/2-1/2"]
[Board "64"]
[TimeControl "180+1"]
[WhiteFideId "24651516"]
[BlackFideId "1118358"]
[WhiteElo "3082"]
[BlackElo "2951"]
[WhiteTeam "GER"]
[BlackTeam "POL"]
[WhiteClock "0:01:00"]
[BlackClock "0:00:17"]

1. d4 Nf6 2. c4 e6 3. Nc3 Bb4 4. e3 O-O 5. Bd2 d5 6. Nf3 Re8 7. Be2 Nbd7 8. O-O Bf8 9. Rc1 a6 10. cxd5 exd5 11. Bd3 c5 12. dxc5 Nxc5 13. Bb1 Bg4 14. h3 Bh5 15. Ne2 Bxf3 16. gxf3 Nh5 17. Ng3 Nxg3 18. fxg3 Ne6 19. Kg2 Qd7 20. h4 Rad8 21. Bc3 d4 22. Qd3 g6 23. exd4 Nxd4 24. Bxd4 Qxd4 25. Qxd4 Rxd4 26. Rf2 b6 27. Be4 Bc5 28. Rfc2 Red8 29. Re1 Rd2+ 30. Re2 Rd1 31. f4 Rg1+ 32. Kh2 Rdd1 33. Bg2 Rge1 34. Rxe1 Rxe1 35. a3 a5 36. Rd2 h5 37. Bf3 Kf8 38. Kg2 Rg1+ 39. Kh2 Rb1 40. Kg2 Rg1+ 41. Kh2 Rb1 42. Kg2 Rg1+ 1/2-1/2

[Event "January 9 Early 2024"]
[Site "https://www.chess.com"]
[Date "2024.01.11"]
[Round "9"]
[White "Costachi, Mihnea"]
[Black "Erigaisi Arjun"]
[Result "0-1"]
[Board "65"]
[TimeControl "180+1"]
[WhiteFideId "1217518"]
[BlackFideId "35009192"]
[WhiteElo "2868"]
[BlackElo "3022"]
[WhiteTeam "ROU"]
[BlackTeam "IND"]
[WhiteClock "0:00:12"]
[BlackClock "0:01:34"]

1. Nc3 g6 2. d4 Bg7 3. e4 d6 4. Be2 Nc6 5. Be3 e5 6. dxe5 dxe5 7. Qxd8+ Nxd8 8. O-O-O c6 9. Bc4 Nf6 10. f3 Be6 11. Bxe6 Nxe6 12. Nge2 h5 13. Na4 Bh6 14. Bxh6 Rxh6 15. b3 h4 16. h3 Ke7 17. Nb2 Rh5 18. Nd3 Rg5 19. g4 hxg3 20. h4 Rh5 21. Nxg3 Rh7 22. Nxe5 Rah8 23. Kd2 Rxh4 24. Rxh4 Rxh4 25. Rh1 Rxh1 26. Nxh1 Nh5 27. Ke3 c5 28. c3 Nhf4 29. Ng3 f6 30. Nd3 Nxd3 31. Kxd3 Kd6 32. Ke3 Ke5 33. Ne2 g5 34. Nc1 Nf4 35. a4 b6 36. b4 c4 37. b5 f5 38. exf5 Nd5+ 39. Kd2 Kf4 40. Ne2+ Kxf3 41. Nd4+ Kf2 42. Nc6 g4 43. Nxa7 g3 44. a5 g2 45. axb6 g1=Q 46. b7 Qe1+ 47. Kc2 Qxc3+ 48. Kb1 Qb3+ 0-1

[Event "January 9 Early 2024"]
[Site "https://www.chess.com"]
[Date "2024.01.11"]
[Round "9"]
[White "Mesquita, Eduardo Barbosa"]
[Black "Fernandez Hernandez, Gerardo"]
[Result "1-0"]
[Board "66"]
[TimeControl "180+1"]
[WhiteFideId "22757163"]
[BlackFideId "2207400"]
[WhiteElo "2438"]
[BlackElo "2307"]
[WhiteTeam "BRA"]
[BlackTeam "ESP"]
[WhiteClock "0:00:57"]
[BlackClock "0:00:04"]

1. e4 e6 2. d4 d5 3. e5 c5 4. c3 Nc6 5. Nf3 Qb6 6. Bd3 Nh6 7. dxc5 Bxc5 8. O-O Ng4 9. Qe2 O-O 10. Bxh7+ Kxh7 11. Ng5+ Kg6 12. Qxg4 Nxe5 13. Qg3 f6 14. Nxe6+ Kf7 15. Nxf8 Kxf8 16. b4 Bd6 17. Be3 Qc7 18. Qh4 Kg8 19. Kh1 Ng4 20. h3 Nxe3 21. fxe3 Be6 22. Qd4 Be5 23. Qd3 d4 24. cxd4 Bc4 25. Qf5 Bxf1 26. Qxf1 Bd6 27. Nd2 Bxb4 28. Ne4 Qe7 29. Rb1 Re8 30. Ng3 Bd6 31. Nf5 Qf8 32. Rxb7 1-0

[Event "January 9 Early 2024"]
[Site "https://www.chess.com"]
[Date "2024.01.11"]
[Round "9"]
[White "Vela Frago, Alberto"]
[Black "Sadhwani, Raunak"]
[Result "0-1"]
[Board "67"]
[TimeControl "180+1"]
[WhiteFideId "24531685"]
[BlackFideId "35093487"]
[WhiteElo "2407"]
[BlackElo "3055"]
[WhiteTeam "ESP"]
[BlackTeam "IND"]
[WhiteClock "0:00:52"]
[BlackClock "0:01:36"]

1. e4 g6 2. d4 Bg7 3. Nf3 d6 4. Nc3 a6 5. Be3 b5 6. a3 Nf6 7. h3 O-O 8. Qd2 Bb7 9. Bd3 Nbd7 10. Bh6 e5 11. d5 Nh5 12. Bxg7 Kxg7 13. g3 Nc5 14. Be2 Bc8 15. O-O-O Rb8 16. Nh4 Nf6 17. Qe3 b4 18. axb4 Rxb4 19. Bd3 Bd7 20. f4 exf4 21. gxf4 Nfxe4 22. Nxe4 Re8 23. Qd2 Rbxe4 24. Bxe4 Nxe4 25. Qd4+ Qf6 26. Qxf6+ Nxf6 27. Rhe1 Rxe1 28. Rxe1 Nxd5 29. f5 g5 30. Nf3 Kf6 31. Nd4 Nf4 32. Rh1 c5 33. Nf3 Bc6 34. Rf1 Nxh3 35. Nd2 g4 36. Nc4 g3 37. Ne3 g2 38. Nxg2 Bxg2 39. Rd1 d5 40. c4 d4 41. b4 Kxf5 42. bxc5 Nf4 43. c6 Bxc6 44. Kb2 d3 45. Kc3 h5 46. Kb4 h4 47. c5 h3 48. Kc3 h2 49. Rf1 h1=Q 50. Rxh1 Bxh1 51. Kd2 Bc6 52. Kc3 a5 53. Kd2 a4 54. Kc3 Ke4 55. Kd2 Kd4 56. Ke1 a3 57. Kf2 a2 58. Kg3 Nd5 59. Kg4 Nb6 60. Kg5 a1=Q 61. Kf6 Qf1+ 62. Ke7 d2 63. Kf8 Qe2 64. Kg8 Qe8+ 65. Kg7 d1=Q 66. Kh6 Qg4 67. Kh7 Qg6# 0-1

[Event "January 9 Early 2024"]
[Site "https://www.chess.com"]
[Date "2024.01.11"]
[Round "9"]
[White "Shuvalov, Evgenij"]
[Black "Piesik, Piotr"]
[Result "0-1"]
[Board "68"]
[TimeControl "180+1"]
[WhiteFideId "4187237"]
[BlackFideId "1136194"]
[WhiteElo "2533"]
[BlackElo "2670"]
[WhiteTeam "FID"]
[BlackTeam "CZE"]
[WhiteClock "0:00:06"]
[BlackClock "0:01:05"]

1. d4 c5 2. d5 e5 3. dxe6 fxe6 4. e4 Nc6 5. Nc3 Nf6 6. Bd3 d5 7. exd5 exd5 8. Nf3 Be7 9. O-O O-O 10. h3 Nb4 11. Be2 Bf5 12. Bd3 Nxd3 13. cxd3 d4 14. Ne2 Nd5 15. Qb3 Kh8 16. Ne5 Bf6 17. Nc4 Nb4 18. Nf4 b5 19. Nd2 Qb6 20. a3 Nxd3 21. Nxd3 c4 22. Nxc4 bxc4 23. Qxb6 axb6 24. Nb4 d3 25. Nd5 Bd4 26. Be3 Bxb2 27. Rab1 c3 28. Bd4 d2 29. Rxb2 cxb2 30. Bxb2 Rad8 31. Ne3 Bd3 32. Ra1 Be2 33. Nd1 Rfe8 34. Bc3 Rd3 35. Bb4 Rc8 36. Nb2 Rc1+ 37. Kh2 Rxa1 38. Bxd2 Rxd2 0-1

[Event "January 9 Early 2024"]
[Site "https://www.chess.com"]
[Date "2024.01.11"]
[Round "9"]
[White "Dominguez Perez, Leinier"]
[Black "Nepomniachtchi, Ian"]
[Result "1-0"]
[Board "69"]
[TimeControl "180+1"]
[WhiteFideId "3503240"]
[BlackFideId "4168119"]
[WhiteElo "2994"]
[BlackElo "3114"]
[WhiteTeam "USA"]
[BlackTeam "RUS"]
[WhiteClock "0:00:41"]
[BlackClock "0:00:20"]

1. e4 e6 2. d4 d5 3. Nc3 Bb4 4. e5 c5 5. a3 Bxc3+ 6. bxc3 Ne7 7. Qg4 Qc7 8. Bd3 cxd4 9. Ne2 dxc3 10. Qxg7 Rg8 11. Qxh7 Bd7 12. Bf4 Nbc6 13. O-O O-O-O 14. Qxf7 Rdf8 15. Qh5 Rh8 16. Qf3 Nxe5 17. Qe3 N7c6 18. Bg3 Rfg8 19. Bb5 d4 20. Nxd4 Rxg3 21. fxg3 Ng4 22. Qxc3 Qb6 23. Bxc6 Bxc6 24. Rab1 Rxh2 25. Rf8+ Kd7 26. Rxb6 Rxg2+ 27. Kf1 1-0

[Event "January 9 Early 2024"]
[Site "https://www.chess.com"]
[Date "2024.01.11"]
[Round "9"]
[White "Sofronie, Claudia-Ramona"]
[Black "Saim, Mohamed Ilias"]
[Result "1-0"]
[Board "70"]
[TimeControl "180+1"]
[WhiteFideId "1205722"]
[BlackFideId "7900465"]
[WhiteElo "2267"]
[BlackElo "2102"]
[WhiteTeam "ROU"]
[BlackTeam "ALG"]
[WhiteClock "0:00:49"]
[BlackClock "0:00:10"]

1. d4 d5 2. Bf4 Nf6 3. e3 c5 4. c3 Nc6 5. Nd2 Qb6 6. Qb3 c4 7. Qc2 g6 8. e4 Nxe4 9. Nxe4 dxe4 10. Bxc4 f5 11. Ne2 Bg7 12. h4 e5 13. dxe5 Nxe5 14. Bxe5 Bxe5 15. h5 Be6 16. Qa4+ Bd7 17. Qc2 O-O-O 18. hxg6 hxg6 19. O-O-O Qxf2 20. Rxh8 Bxh8 21. Qb3 Bc6 22. Rxd8+ Kxd8 23. Qb4 Be5 24. Qf8+ Kd7 25. Qf7+ Kd8 26. Qf8+ Kd7 27. Qf7+ Kd8 28. Qg8+ Kd7 29. Qe6+ Kd8 30. Qxe5 Qe3+ 31. Kc2 f4 32. Qd6+ Ke8 33. Qxf4 Qf2 34. Qxf2 e3 35. Qxe3+ 1-0

[Event "January 9 Early 2024"]
[Site "https://www.chess.com"]
[Date "2024.01.11"]
[Round "9"]
[White "Wantiez, Fabrice"]
[Black "Zavgorodniy, Sergiy"]
[Result "1-0"]
[Board "71"]
[TimeControl "180+1"]
[WhiteFideId "202274"]
[BlackFideId "14110148"]
[WhiteElo "2439"]
[BlackElo "2612"]
[WhiteTeam "BEL"]
[BlackTeam "UKR"]
[WhiteClock "0:00:55"]
[BlackClock "0:00:08"]

1. e4 e5 2. Nf3 d6 3. d4 exd4 4. Nxd4 Nf6 5. Nc3 Be7 6. Bg5 O-O 7. Qd2 Nc6 8. Nb3 a5 9. a4 Nb4 10. O-O-O c6 11. h4 Be6 12. Nd4 Qb6 13. Be3 c5 14. Nxe6 fxe6 15. Bc4 d5 16. exd5 exd5 17. Nxd5 Nfxd5 18. Bxd5+ Kh8 19. c3 Rfd8 20. cxb4 axb4 21. b3 Bf6 22. Qc2 Qc7 23. Bc4 Qe5 24. Qa2 Qe4 25. g3 h6 26. Rhe1 Rxd1+ 27. Rxd1 Qe5 28. Rd5 Qc3+ 29. Qc2 Qa1+ 30. Kd2 Re8 31. Qg6 Qb2+ 32. Ke1 Rxe3+ 33. fxe3 Bc3+ 34. Kf1 1-0

[Event "January 9 Early 2024"]
[Site "https://www.chess.com"]
[Date "2024.01.11"]
[Round "9"]
[White "Ljukin, Sergei"]
[Black "Kleibel, Uwe"]
[Result "0-1"]
[Board "72"]
[TimeControl "180+1"]
[WhiteFideId "14102200"]
[BlackFideId "1270982"]
[WhiteElo "2505"]
[BlackElo "2385"]
[WhiteTeam "UKR"]
[BlackTeam "GER"]
[WhiteClock "0:00:03"]
[BlackClock "0:01:05"]

1. e4 e5 2. Nf3 Nf6 3. Nxe5 Nxe4 4. Qe2 Qe7 5. Qxe4 d6 6. f4 dxe5 7. fxe5 Nc6 8. Bb5 Bd7 9. d4 f5 10. Qf4 Nxe5 11. Bxd7+ Nxd7+ 12. Qe3 O-O-O 13. O-O g6 14. c3 Nb6 15. Qg3 Re8 16. Bg5 Qd7 17. Nd2 Nd5 18. Nc4 Bg7 19. Rae1 h6 20. Bd2 g5 21. Ne5 Bxe5 22. Rxe5 f4 23. Qe1 Rxe5 24. dxe5 Re8 25. Qe2 Qf5 26. Re1 c6 27. c4 Nc7 28. Bc3 Ne6 29. b4 g4 30. Rf1 Rf8 31. Qd2 f3 32. g3 Rd8 33. Qxh6 Ng5 34. Qf6 Nh3+ 35. Kh1 Qc2 0-1

[Event "January 9 Early 2024"]
[Site "https://www.chess.com"]
[Date "2024.01.11"]
[Round "9"]
[White "Gutierrez Carmona, Juan Alejandro"]
[Black "Bonin, Jay"]
[Result "0-1"]
[Board "73"]
[TimeControl "180+1"]
[WhiteFideId "5106770"]
[BlackFideId "2000644"]
[WhiteElo "2182"]
[BlackElo "2325"]
[WhiteTeam "MEX"]
[BlackTeam "USA"]
[WhiteClock "0:00:02"]
[BlackClock "0:00:59"]

1. e4 c5 2. Nf3 Nc6 3. Bb5 g6 4. Bxc6 dxc6 5. d3 Bg4 6. Nbd2 Bg7 7. h3 Bxf3 8. Nxf3 Nf6 9. O-O O-O 10. a4 a5 11. Be3 b6 12. Qc1 Nd7 13. Bh6 e5 14. Nh2 Qe7 15. Bxg7 Kxg7 16. Ng4 h5 17. Qh6+ Kg8 18. Ne3 Qf6 19. b3 b5 20. f4 exf4 21. Qxf4 Qxf4 22. Rxf4 Ne5 23. Rf6 Rfd8 24. axb5 cxb5 25. Rb6 b4 26. Rb5 Nxd3 27. cxd3 Rxd3 28. Nd5 Rxb3 29. Raxa5 Rxa5 30. Rxa5 c4 31. Rb5 c3 32. Rxb4 c2 33. Rc4 Rb1+ 34. Kh2 c1=Q 35. Rxc1 Rxc1 0-1

[Event "January 9 Early 2024"]
[Site "https://www.chess.com"]
[Date "2024.01.11"]
[Round "9"]
[White "Ashraf, Artin"]
[Black "Plyasunov, Daniil"]
[Result "1-0"]
[Board "74"]
[TimeControl "180+1"]
[WhiteFideId "22514805"]
[BlackFideId "44133839"]
[WhiteElo "2909"]
[BlackElo "2746"]
[WhiteTeam "IRI"]
[BlackTeam "RUS"]
[WhiteClock "0:00:08"]
[BlackClock "0:01:13"]

1. d4 Nf6 2. c4 e6 3. Nc3 Bb4 4. e3 O-O 5. Bd3 Re8 6. Ne2 d5 7. O-O c6 8. Ng3 Nbd7 9. Bd2 Bf8 10. Qc2 h6 11. Rad1 dxc4 12. Bxc4 e5 13. Qb3 Nd5 14. Nxd5 cxd5 15. Bxd5 Qf6 16. Bc3 Qg6 17. Be4 Qf6 18. dxe5 Qe7 19. Nf5 Qg5 20. f4 Qh5 21. Ng3 Qh4 22. Bd5 Nc5 23. Bxf7+ Kh8 24. Qc2 Bg4 25. Bxe8 Bxd1 26. Rxd1 Rxe8 27. Qg6 Rd8 28. Rd4 Rxd4 29. Bxd4 Nd7 30. e6 Nf6 31. Bxf6 gxf6 32. Qe8 Qg4 33. Qxf8+ Kh7 34. Qf7+ Kh8 35. Qxf6+ Kh7 36. Qf7+ Kh8 37. e7 Qd1+ 38. Kf2 Qd7 39. e8=Q+ Qxe8 40. Qxe8+ Kg7 41. Nh5+ 1-0

[Event "January 9 Early 2024"]
[Site "https://www.chess.com"]
[Date "2024.01.11"]
[Round "9"]
[White "Jimenez Almeida, Luis David"]
[Black "Timerkhanov, Alexander"]
[Result "0-1"]
[Board "75"]
[TimeControl "180+1"]
[WhiteFideId "22242244"]
[BlackFideId "24177938"]
[WhiteElo "2520"]
[BlackElo "2665"]
[WhiteTeam "ESP"]
[BlackTeam "RUS"]
[WhiteClock "0:00:20"]
[BlackClock "0:00:42"]

1. e4 c5 2. Nc3 a6 3. g3 b5 4. Bg2 Bb7 5. Nge2 e6 6. d4 cxd4 7. Nxd4 Nf6 8. Qd3 d6 9. a4 b4 10. Na2 d5 11. e5 Nfd7 12. f4 Nc6 13. Be3 Nc5 14. Qd2 a5 15. O-O Nxa4 16. c4 Nxd4 17. Bxd4 Bc5 18. Rad1 Qb6 19. b3 Bxd4+ 20. Qxd4 Qxd4+ 21. Rxd4 Nc5 22. cxd5 Nxb3 23. Rdd1 Bxd5 24. Bxd5 exd5 25. Rxd5 O-O 26. Rf3 Na1 27. Rd1 Nc2 28. Kf2 a4 29. Rd2 b3 30. Nc3 Rfc8 31. Nxa4 Rxa4 32. Rxb3 Nd4 33. Rbd3 Rcc4 34. Rb2 g6 35. h4 h5 36. Rb7 Rc2+ 37. Ke1 Ra1+ 0-1